 Dungeon Crawl Stone Soup version 0.22-a0-265-g0d8bc90 (webtiles) character file.

749 wvc the Insei (level 7, -3/53 HPs)
             Began as a Gnoll Transmuter on Mar 7, 2018.
             Slain by a two-headed ogre
             ... wielding a +0 giant spiked club
              (11 damage)
             ... on level 5 of the Dungeon.
             The game lasted 00:08:34 (4229 turns).

wvc the Insei (Gnoll Transmuter)                    Turns: 4229, Time: 00:08:35

Health: -3/53      AC:  2    Str: 12    XL:     7   Next: 77%
Magic:  9/15       EV: 24    Int: 18    God:
Gold:   358        SH:  0    Dex: 20    Spells: 9/17 levels left

rFire    . . .     SeeInvis .     - Unarmed
rCold    . . .     Gourm    .   (shield currently unavailable)
rNeg     . . .     Faith    .   (armour currently unavailable)
rPois    x         Spirit   .   (helmet currently unavailable)
rElec    .         Reflect  .   (cloak currently unavailable)
rCorr    .         Harm     .   (gloves currently unavailable)
MR       .....                  (boots currently unavailable)
Stlth    ++........             (no amulet)
HPRegen  0.17/turn              (no ring)
MPRegen  0.14/turn              (no ring)

@: spider-form, very slightly contaminated
A: tiny, distributed training, strong nose
a: End Transformation


You were on level 5 of the Dungeon.
You were hungry.
You were a venomous arachnid creature.
You visited 1 branch of the dungeon, and saw 5 of its levels.
You also visited: Sewer.

You collected 358 gold pieces.

Inventory:

Hand Weapons
 v - a +0 blowgun
Missiles
 a - 70 arrows
 g - 7 needles of sleeping
 w - 5 curare-tipped needles
Armour
 b - a +0 robe (melded)
 j - a +1 pair of gloves (melded)
 t - a cursed +0 pair of boots (melded)
Jewellery
 m - an uncursed ring of ice
Wands
 k - a wand of iceblast (7)
 n - a wand of flame (30)
 x - a wand of polymorph (15)
Scrolls
 c - a scroll of enchant weapon
 i - 2 scrolls of remove curse
 o - 2 scrolls of fog
 p - 3 scrolls of teleportation
 s - a scroll of identify
 u - a scroll of enchant armour
Potions
 e - a potion of resistance {unknown}
 f - 2 potions of might
 h - a potion of ambrosia {unknown}
 l - a potion of flight
 q - a potion of curing {unknown}
 r - a potion of heal wounds {unknown}
 z - a potion of cancellation {unknown}
Comestibles
 d - 14 rations
 A - 2 chunks of flesh


   Skills:
 + Level 3.7 Fighting
 + Level 2.6 Short Blades
 + Level 2.6 Long Blades
 + Level 2.6 Axes
 + Level 2.6 Maces & Flails
 + Level 2.6 Polearms
 + Level 2.6 Staves
 + Level 2.6 Slings
 + Level 2.6 Bows
 + Level 2.6 Crossbows
 + Level 2.6 Throwing
 + Level 2.6 Armour
 + Level 5.3 Dodging
 + Level 2.6 Stealth
 + Level 2.6 Shields
 + Level 7.1 Unarmed Combat
 + Level 5.7 Spellcasting
 + Level 2.1 Conjurations
 + Level 2.1 Hexes
 + Level 2.1 Charms
 + Level 2.1 Summonings
 + Level 2.1 Necromancy
 + Level 2.1 Translocations
 + Level 4.4 Transmutations
 + Level 2.1 Fire Magic
 + Level 2.1 Ice Magic
 + Level 2.1 Air Magic
 + Level 2.1 Earth Magic
 + Level 2.1 Poison Magic
 + Level 2.9 Invocations
 + Level 2.6 Evocations


You had 9 spell levels left.
You knew the following spells:

 Your Spells              Type           Power        Failure   Level  Hunger
a - Beastly Appendage     Tmut           ###...       8%          1    None
b - Spider Form           Tmut/Pois      ###.......   24%         3    ##.....
c - Ice Form              Ice/Tmut       ###.....     54%         4    ####...


Dungeon Overview and Level Annotations

Branches:
Dungeon (5/15)
 Temple: D:4-7

Altars:
Beogh


Innate Abilities, Weirdness & Mutations

Your experience applies equally to all skills.
((You have very sharp teeth.))
Your uncanny sense of smell can sniff out nearby items.


Message History

The two-headed ogre hits you with a giant club!!
* * * LOW HITPOINT WARNING * * *
Casting: Spider Form (safe; 10% risk of failure)
Confirm with . or Enter, or press ? or * to list all spells.
You don't know that spell.
Casting: Spider Form (safe; 10% risk of failure)
Confirm with . or Enter, or press ? or * to list all spells.
You turn into a venomous arachnid creature.
Your +1 pair of gloves melds into your body.
Your cursed +0 pair of boots melds into your body.
Your +0 robe melds into your body.
The two-headed ogre completely misses you.
The two-headed ogre misses you.
You bite the two-headed ogre!
The two-headed ogre is almost dead.
You are feeling hungry.
You barely miss the two-headed ogre.
The two-headed ogre is almost dead.
The two-headed ogre hits you with a giant spiked club!
You die...

.........†..................>
###..........................
.........####.......###.#....
∆.>.......'O..................
.........################....
...........# #........)....
...###.....#####.########....
... #.....O.....###.........
.. #......s......#.#####...
#.............'.# ##..
##.....#.(.....#.# #..
#.........#.......### ##.
#.........#.......+ #.
#.................# #.##.
###......###.#.....## ###.##.
......... #......#.# ......[
........# #..#.###.####....#.#


You could see a two-headed ogre.

Vanquished Creatures
  An ice beast (D:5)
  An ogre (D:4)
  A centaur (D:5)
  A big kobold (Sewer)
  3 orc priests (D:4)
  A jelly (D:5)
  A centaur skeleton (D:3)
  2 worker ants (D:5)
  3 gnolls (D:3)
  A worker ant zombie (D:5)
  6 adders
  A river rat (Sewer)
  An ooze (D:2)
  4 worms (D:3)
  3 leopard geckos
  8 orcs
  3 ball pythons
  4 bats
  A giant cockroach (D:1)
  9 goblins
  10 hobgoblins
  8 jackals
  15 kobolds
  3 quokkas
  7 frilled lizards
  A jackal skeleton (D:4)
  13 rats
112 creatures vanquished.

Notes
Turn   | Place    | Note
-------+----------+-------------------------------------------
     0 | D:1      | wvc the Gnoll Transmuter began the quest for the Orb.
     0 | D:1      | Reached XP level 1. HP: 17/17 MP: 6/6
    62 | D:1      | Reached XP level 2. HP: 12/23 MP: 5/7
   592 | D:1      | Reached XP level 3. HP: 28/28 MP: 9/9
   597 | D:1      | Learned a level 3 spell: Spider Form
   770 | D:2      | Reached skill level 5 in Spellcasting
   867 | D:2      | Reached skill level 1 in Invocations
   879 | D:2      | Reached skill level 1 in Short Blades
   879 | D:2      | Reached skill level 1 in Long Blades
   879 | D:2      | Reached skill level 1 in Axes
   879 | D:2      | Reached skill level 1 in Maces & Flails
   879 | D:2      | Reached skill level 1 in Polearms
   879 | D:2      | Reached skill level 1 in Staves
   879 | D:2      | Reached skill level 1 in Slings
   879 | D:2      | Reached skill level 1 in Bows
   879 | D:2      | Reached skill level 1 in Crossbows
   879 | D:2      | Reached skill level 1 in Throwing
   879 | D:2      | Reached skill level 1 in Armour
   879 | D:2      | Reached skill level 1 in Stealth
   879 | D:2      | Reached skill level 1 in Shields
   879 | D:2      | Reached skill level 1 in Evocations
   879 | D:2      | Reached XP level 4. HP: 24/34 MP: 3/11
  1258 | D:2      | Learned a level 4 spell: Ice Form
  1628 | D:3      | Reached skill level 1 in Conjurations
  1628 | D:3      | Reached skill level 1 in Hexes
  1628 | D:3      | Reached skill level 1 in Charms
  1628 | D:3      | Reached skill level 1 in Summonings
  1628 | D:3      | Reached skill level 1 in Necromancy
  1628 | D:3      | Reached skill level 1 in Translocations
  1628 | D:3      | Reached skill level 1 in Fire Magic
  1628 | D:3      | Reached skill level 1 in Ice Magic
  1628 | D:3      | Reached skill level 1 in Air Magic
  1628 | D:3      | Reached skill level 1 in Earth Magic
  1628 | D:3      | Reached skill level 1 in Poison Magic
  1745 | D:3      | Found a glowing drain.
  1765 | Sewer    | Entered a sewer
  1782 | Sewer    | Reached XP level 5. HP: 38/40 MP: 9/12
  1958 | Sewer    | Noticed a big kobold
  1999 | Sewer    | Killed a big kobold
  2018 | Sewer    | Found a white marble altar of Elyvilon.
  2284 | D:3      | Reached XP level 6. HP: 47/47 MP: 9/13
  2796 | D:4      | Reached skill level 5 in Dodging
  3330 | D:4      | Found a roughly hewn altar of Beogh.
  3340 | D:4      | Reached XP level 7. HP: 25/52 MP: 11/15
  3351 | D:5      | Entered Level 5 of the Dungeon
  3955 | D:5      | Reached skill level 7 in Unarmed Combat
  4182 | D:5      | Noticed a two-headed ogre
  4229 | D:5      | Slain by a two-headed ogre

Vault maps used:
D:1:      ncdulo_wetmaze
D:3:      cheibrodos_sewer_entry_sluice
D:4:      kennysheep_orc_chapel
D:5:      minmay_temple_entry_fiery, first_ration, serial_shops, kennysheep_mini
Sewer:    sewer_kobolds

Skill      XL: |  1  2  3  4  5  6  7 |
---------------+----------------------+-----
Spellcasting   | 5 |  5.7
Invocations    | 1 2 |  2.9
Short Blades   | 1 2 |  2.6
Long Blades    | 1 2 |  2.6
Axes           | 1 2 |  2.6
Maces & Flails | 1 2 |  2.6
Polearms       | 1 2 |  2.6
Staves         | 1 2 |  2.6
Slings         | 1 2 |  2.6
Bows           | 1 2 |  2.6
Crossbows      | 1 2 |  2.6
Throwing       | 1 2 |  2.6
Armour         | 1 2 |  2.6
Stealth        | 1 2 |  2.6
Shields        | 1 2 |  2.6
Evocations     | 1 2 |  2.6
Conjurations   | 1 2 |  2.1
Hexes          | 1 2 |  2.1
Charms         | 1 2 |  2.1
Summonings     | 1 2 |  2.1
Necromancy     | 1 2 |  2.1
Translocations | 1 2 |  2.1
Fire Magic     | 1 2 |  2.1
Ice Magic      | 1 2 |  2.1
Air Magic      | 1 2 |  2.1
Earth Magic    | 1 2 |  2.1
Poison Magic   | 1 2 |  2.1
Fighting       | 3 |  3.7
Transmutations | 4 |  4.4
Dodging        | 5 |  5.3
Unarmed Combat | 7 |  7.1

Action                   |  1- 3 |  4- 6 |  7- 9 || total
-------------------------+-------+-------+-------++-------
Melee: Unarmed           |    77 |   160 |    52 ||   289
       Bite              |     5 |     2 |       ||     7
       Kick              |     6 |       |       ||     6
       Headbutt          |     1 |       |       ||     1
       Punch             |     1 |       |       ||     1
 Cast: Beastly Appendage |     8 |       |       ||     8
       Spider Form       |     2 |    15 |     6 ||    23
       Ice Form          |       |       |     1 ||     1
  Use: Scroll            |       |    10 |       ||    10
       Potion            |       |     1 |       ||     1
 Stab: Sleeping          |     3 |     5 |       ||     8
  Eat: Chunk             |       |     8 |     1 ||     9
       Ration            |       |     1 |       ||     1
Armor: Robe              |    11 |    10 |       ||    21
       Skin              |     1 |     2 |     9 ||    12
Dodge: Dodged            |    55 |   113 |    39 ||   207

Table legend:
 A = Spawn XP
 B = Non-spawn XP
 C = Spawn XP percentage of total XP
 D = Spawn monster count
 E = Non-spawn monster count
 F = Spawn count percentage of total count
 G = Total turns spent on level
                    A         B        C        D         E        F      G
               +---------+---------+-------+---------+---------+-------+---------
         Total |       0 |    1070 |   0.0 |       0 |     112 |   0.0 |  4229
               +---------+---------+-------+---------+---------+-------+---------
           D:1 |       0 |      35 |   0.0 |       0 |      20 |   0.0 |   729
           D:2 |       0 |      78 |   0.0 |       0 |      23 |   0.0 |   861
           D:3 |       0 |     156 |   0.0 |       0 |      35 |   0.0 |   622
           D:4 |       0 |     302 |   0.0 |       0 |      14 |   0.0 |  1047
           D:5 |       0 |     383 |   0.0 |       0 |       9 |   0.0 |   652
         Sewer |       0 |     116 |   0.0 |       0 |      11 |   0.0 |   318
               +---------+---------+-------+---------+---------+-------+---------
